Map: Dusk Towers

Players

blackxored - Winner!

  • Race: Zerg Zerg
  • League: Diamond

Ouroborous

  • Race: Zerg Zerg
  • League: Diamond

VOD

Have the link to the VOD?

Description

Time

  • Played on: June 19, 2016, 5:10 p.m.
  • Length: 12:31
Show
View Real Time Build Order
Export as new Build Order

blackxored Zerg - Winner!

Build Orders: Hatch First, Zergling Baneling 

Get SALT Encoding   

  12  0:02  Drone  
  13  0:08  Drone  
  14  0:17  Overlord  
  14  0:22  Extractor  
  14  0:25  Drone  
  15  0:38  Drone x2  
  17  0:55  Hatchery  
  16  0:57  Drone  
  16  0:59  Drone  
  18  1:12  Extractor  
  18  1:15  Spawning Pool  
  18  1:16  Drone  
  17  1:20  Drone  
  18  1:28  Drone  
  19  1:40  Overlord  
  19  2:03  Zergling x4, Spine Crawler  
  19  2:05  Queen  
  19  2:06  Baneling Nest  
  21  2:09  Zergling x2  
  21  2:12  Zergling x2  
  23  2:18  Queen  
  23  2:20  Zergling x2  
  26  2:36  Zergling x6  
  26  2:44  Zergling x4  
  26  2:58  Zergling x4  
  28  3:00  Baneling  
  28  3:16  Hatchery  
  28  3:17  Drone x2  
  29  3:27  Baneling x3  
  29  3:28  Baneling  
  22  3:50  Drone  
  23  3:59  Baneling x4  
  23  4:19  Drone x2  
  25  4:37  Lair, Hatchery  
  25  4:38  Drone  
  25  4:42  Drone x3  
  25  4:43  Drone  
  29  5:04  Drone x5  
  34  5:16  Drone x2  
  34  5:17  Extractor  
  35  5:22  Drone  
  36  5:46  Overlord  
  36  5:47  Overlord  
  36  5:52  Spire  
  35  6:02  Drone x6  
  41  6:05  Extractor  
  41  6:07  Extractor  
  41  6:10  Overseer  
  39  6:17  Drone x4  
  43  6:22  Drone  
  43  6:24  Drone  
  45  6:37  Queen  
  47  6:40  Drone x2  
  47  6:43  Drone  
  47  6:44  Drone x3  
  53  6:52  Zergling x6  
  56  7:06  Mutalisk  
  56  7:07  Extractor  
  56  7:08  Extractor  
  56  7:09  Overlord x2  
  56  7:11  Zerg Flyer Armor Level 1  
  56  7:15  Drone  
  57  7:17  Drone  
  58  7:29  Mutalisk x2  
  58  7:36  Drone x3  
  65  7:39  Queen  
  65  7:41  Drone x2  
  65  7:43  Drone x2  
  71  7:53  Mutalisk  
  71  7:58  Overlord x3  
  73  8:07  Drone  
  73  8:09  Overlord x2  
  73  8:10  Overlord x2  
  74  8:18  Zergling x2  
  74  8:19  Mutalisk x2  
  79  8:26  Drone x2  
  81  8:27  Drone  
  81  8:28  Drone  
  81  8:29  Drone  
  84  8:50  Mutalisk  
  84  8:51  Mutalisk x5  
  96  9:06  Zerg Flyer Weapons Level 1  
  96  9:07  Mutalisk x2  
  96  9:08  Mutalisk  
  102  9:12  Drone x3  
  105  9:22  Hatchery  
  101  9:32  Mutalisk x2  
  101  9:33  Mutalisk x2  
  109  9:56  Mutalisk x2  
  113  10:00  Metabolic Boost  
  113  10:03  Overlord x2  
  113  10:04  Overlord x3, Hatchery  
  112  10:15  Queen, Hatchery  
  113  10:21  Mutalisk x2  
  113  10:22  Mutalisk x3  
  121  10:44  Mutalisk x3  
  127  11:00  Mutalisk x3  
  131  11:06  Zergling x18  
  131  11:07  Zergling x10  
  145  11:24  Mutalisk x3  
  145  11:25  Mutalisk  
  141  11:42  Mutalisk x3  
  141  11:45  Baneling x2  
  146  11:58  Mutalisk x2  
  148  12:12  Baneling x4  
  145  12:18  Extractor  
  145  12:20  Extractor  
Show
View Real Time Build Order
Export as new Build Order

Ouroborous Zerg 

Build Orders: Pool First 

Get SALT Encoding   

  12  0:01  Drone  
  13  0:11  Extractor  
  12  0:25  Spawning Pool  
  12  0:28  Drone  
  12  0:33  Drone  
  13  0:45  Overlord  
  13  1:12  Zergling x2  
  13  1:13  Zergling x4  
  13  1:16  Metabolic Boost  
  16  1:24  Zergling x2  
  17  1:39  Baneling Nest, Zergling x2  
  18  1:47  Zergling x2  
  18  1:57  Zergling x2  
  18  1:58  Queen  
  21  2:08  Overlord  
  21  2:19  Zergling x2  
  22  2:40  Zergling x4  
  22  2:54  Drone  
  21  3:05  Drone  
  21  3:10  Baneling x3  
  21  3:11  Baneling  
  22  3:16  Zergling x2  
  23  3:29  Drone x4  
  24  3:48  Drone  
  22  3:58  Zergling x6  
  25  4:04  Hatchery  
  25  4:08  Spine Crawler  
  23  4:11  Zergling x2  
  23  4:14  Queen  
  26  4:20  Overlord  
  26  4:22  Baneling x2  
  26  4:30  Overlord  
  26  4:39  Drone  
  26  4:40  Drone  
  26  4:41  Drone  
  29  4:51  Lair  
  29  4:56  Drone  
  30  5:03  Baneling  
  30  5:07  Drone x3  
  33  5:16  Extractor  
  33  5:17  Drone  
  33  5:22  Drone  
  34  5:35  Baneling  
  34  5:39  Drone x2  
  34  5:40  Drone  
  34  5:41  Spine Crawler  
  36  5:43  Drone x3  
  36  5:48  Overlord  
  36  5:49  Overlord  
  39  5:52  Overseer  
  39  5:56  Overlord  
  39  6:12  Drone  
  39  6:13  Drone  
  41  6:19  Drone x3  
  41  6:20  Spire, Drone  
  44  6:31  Drone  
  44  6:32  Drone x5  
  50  6:35  Extractor  
  50  6:36  Extractor  
  48  6:50  Drone  
  48  6:51  Drone x3  
  52  6:54  Drone  
  53  7:02  Overlord  
  53  7:04  Overlord  
  53  7:07  Hatchery  
  52  7:20  Overlord  
  52  7:29  Queen  
  54  7:32  Zerg Flyer Weapons Level 1, Mutalisk  
  54  7:33  Mutalisk x3  
  62  7:39  Mutalisk  
  64  7:49  Mutalisk  
  66  7:59  Mutalisk  
  68  8:15  Zergling x2  
  68  8:16  Zergling x14  
  76  8:20  Overlord x2  
  76  8:25  Mutalisk  
  78  8:35  Mutalisk x2  
  80  8:42  Mutalisk  
  82  8:52  Mutalisk  
  84  9:00  Drone x4  
  84  9:01  Drone x4  
  92  9:05  Mutalisk  
  94  9:14  Mutalisk  
  96  9:26  Zerg Flyer Armor Level 1  
  96  9:34  Zergling x2  
  96  9:35  Zergling x2  
  98  9:41  Overlord x3  
  98  9:50  Overlord x3  
  98  9:51  Mutalisk  
  97  9:55  Extractor, Drone x2  
  97  9:56  Extractor  
  97  9:57  Overlord x3  
  97  9:58  Overlord x2  
  97  10:03  Mutalisk  
  97  10:04  Mutalisk  
  101  10:14  Drone x3  
  103  10:15  Drone x3  
  103  10:16  Drone  
  103  10:17  Drone x2  
  110  10:21  Mutalisk  
  110  10:22  Mutalisk  
  110  10:26  Spore Crawler  
  110  10:28  Mutalisk  
  115  10:34  Spore Crawler  
  114  10:41  Mutalisk  
  114  10:42  Mutalisk  
  116  10:52  Mutalisk  
  108  11:13  Mutalisk x2  
  108  11:14  Mutalisk x2  
  114  11:21  Mutalisk  
  102  11:30  Zergling x2  
  102  11:31  Zergling x34  
  100  11:39  Spore Crawler  
Tags
 
Add a new tag
Caveats
  • Supply blocks, unpowered buildings, or Contaminate may cause inaccurate times.
  • Supply counts are checked every 10 seconds.